 Dungeon Crawl Stone Soup version 0.14-a0-2737-gb10a4c8 (webtiles) character file.

1358 Laan the Spear-Bearer (level 8, 0/71 HPs)
             Began as a Lava Orc Fighter on Feb 21, 2014.
             Was a Believer of Okawaru.
             Slain by an ogre
             ... wielding a cursed -2,-3 giant spiked club
              (11 damage)
             ... on Level 5 of the Dungeon.
             The game lasted 00:13:40 (5251 turns).

Laan the Spear-Bearer (Lava Orc Fighter)            Turns: 5251, Time: 00:13:40

HP   0/71        AC 11     Str 26      XL: 8   Next: 14%
MP   8/8         EV  7     Int 11      God: Okawaru [**....]
Gold 220         SH 22     Dex 11      Spells:  0 memorised,  7 levels left

rFire  + + +     SeeInvis .     a - +0 orc trident
rCold  x . .     Clarity  .     n - +1 dwarf scale mail
rNeg   . . .     Conserve .     c - +0 orc shield
rPois  .         rCorr    .     j - +0 helmet
rElec  .         rRot     .     x - +0 cloak
SustAb . .       Spirit   .     p - +0 pair of gloves
rMut   .         Warding  .     (no boots)
Saprov + . .     Stasis   .     (no amulet)
MR     .....                    y - +3 ring of intelligence
                                q - +1 ring of dexterity

@: mighty, not resistant to hostile enchantments, extremely unstealthy
A: conserve scrolls, saprovore 1
a: Heroism, Renounce Religion


You were on level 5 of the Dungeon.
You worshipped Okawaru.
Okawaru was pleased with you.
You were not hungry.

You visited 1 branch of the dungeon, and saw 5 of its levels.

You collected 280 gold pieces.
You spent 60 gold pieces at shops.

Inventory:

Hand weapons
 a - a +0,+0 orcish trident (weapon)
Armour
 c - a +0 orcish shield (worn)
 j - a +0 helmet (worn)
 n - a +1 dwarven scale mail (worn)
 p - a +0 pair of gloves (worn)
 x - a +0 cloak (worn)
Magical devices
 i - a wand of polymorph (0)
 w - a wand of magic darts (6)
Comestibles
 d - 3 meat rations
 s - 2 bread rations
Scrolls
 b - 3 scrolls of random uselessness {unknown}
 e - 3 scrolls of remove curse
 g - a scroll of teleportation {unknown}
 k - 5 scrolls of identify {unknown}
 l - a scroll of fog {unknown}
 o - 2 scrolls of enchant weapon I {unknown}
 r - 3 scrolls of immolation {unknown}
 v - 2 scrolls of enchant weapon II {unknown}
Jewellery
 q - a +1 ring of dexterity (left hand)
 y - a +3 ring of intelligence (right hand)
Potions
 f - a potion of speed {unknown}
 h - 2 potions of cure mutation
 m - 2 potions of might
 t - a potion of berserk rage {unknown}
 z - a potion of mutation {unknown}
 A - a potion of curing
Books
 u - a book of Transfigurations

   Spells                             Type                      Level
   Stoneskin                          Transmutation/Earth          2
   Ice Form                           Ice/Transmutation            4
   Statue Form                        Transmutation/Earth          6
   Dragon Form                        Transmutation                7


   Skills:
 + Level 6.8 Fighting
 * Level 8.1 Polearms
 - Level 3.2 Armour
 + Level 5.7 Shields


You had 7 spell levels left.
You didn't know any spells.

Dungeon Overview and Level Annotations

Branches:
Dungeon (5/16)             Temple (0/1) D:5

Altars:
Elyvilon
Makhleb
Okawaru
Sif Muna
Zin

Shops:
D:4 *


Innate Abilities, Weirdness & Mutations

You have stony skin.
Your flesh is almost immune to the effects of heat.
Your fire spells are more powerful.
Your flesh is vulnerable to cold.
Your heat harms attackers.
You bathe your surroundings in blazing heat.
You are too hot to use scrolls.
You are very good at protecting items from fire.
You can tolerate rotten meat.


Message History

The centaur is severely wounded.
The centaur hits you. The puff of flame hits you!
The ogre hits you with a giant spiked club!
You hit the centaur.
The centaur is severely wounded.
Your stony skin melts.
The centaur hits you.
* * * LOW HITPOINT WARNING * * *
The centaur hits you!
* * * LOW HITPOINT WARNING * * *
Drink which item? (? for menu, Esc to quit)
You feel very mighty all of a sudden.
It was a potion of might.
You block the centaur's attack. The ogre closely misses you.
Drink which item? (? for menu, Esc to quit)
It has a very clean taste.
It was a potion of cure mutation.
You block the centaur's attack.
The centaur hits you but does no damage.
The ogre hits you with a giant spiked club!
You die...

#....♣P.♣.........P.
#.....♣♣..P...###...
#.....♣.......# +...
#...P.♣♣.P....###...
#...♣P♣(...P........
#....♣.......♣P.....
#..!.(.....♣..P♣P..8
#..>(...♣PP♣♣..P♣...
#..@O....♣♣P♣♣. ..
#.c......P♣.)♣ ..
#.......♣..♣.


PP. #.o{♣.♣...♣♣ .PP #..o♣..♣♣.. .♣.♣ #..o..♣.♣. ♣♣.♣. #....♣♣.. .♣... #?..♣♣♣♣
♣.... ..♣ ...... You could see an ogre, a centaur, an orc wizard and 2 orcs.

Vanquished Creatures
  A phantom (D:5)
  An ogre (D:4)
  Sigmund (D:4)
  2 water moccasins (D:4)
  Blork the orc (D:4)
  3 crimson imps (D:5)
  Crazy Yiuf (D:4)
  3 orc priests
  A worker ant (D:4)
  2 iguanas (D:4)
  An orc wizard (D:4)
  A black bear skeleton (D:4)
  2 scorpions
  Ijyb (D:3)
  10 adders
  5 gnolls (D:5)
  3 green rats (D:5)
  An inept feature mimic (D:4)
  A worm (D:5)
  An adder skeleton (D:5)
  A giant eyeball (D:4)
  A scorpion zombie (D:5)
  5 giant geckos
  2 oozes
  7 orcs
  7 bats
  6 giant cockroaches
  13 goblins
  10 hobgoblins
  8 jackals
  12 kobolds
  3 quokkas
  3 ball pythons
  6 giant newts
  A hobgoblin zombie (D:5)
  6 rats
  A rat skeleton (D:4)
134 creatures vanquished.

Vanquished Creatures (others)
  A gnoll (D:5)
1 creature vanquished.

Grand Total: 135 creatures vanquished

Notes
Turn   | Place    | Note
--------------------------------------------------------------
     0 | D:1      | Laan, the Lava Orc Fighter, began the quest for the Orb.
     0 | D:1      | Reached XP level 1. HP: 19/19 MP: 1/1
   140 | D:1      | Reached XP level 2. HP: 27/27 MP: 2/2
   550 | D:1      | Reached skill level 4 in Fighting
   593 | D:1      | Reached XP level 3. HP: 33/33 MP: 3/3
  1042 | D:2      | Found Zin's Purification Station.
  1062 | D:2      | Found a glowing silver altar of Zin.
  1067 | D:2      | Bought a potion of curing for 60 gold pieces
  1299 | D:2      | Reached XP level 4. HP: 36/40 MP: 4/4
  1983 | D:3      | HP: 1/41 [orc priest/nerve-wracking pain (8)]
  2307 | D:3      | Reached XP level 5. HP: 43/47 MP: 5/5
  2415 | D:3      | Found a burning altar of Makhleb.
  2809 | D:3      | Noticed Ijyb
  2837 | D:3      | Killed Ijyb
  2837 | D:3      | Reached skill level 5 in Polearms
  2903 | D:3      | Found an iron altar of Okawaru.
  2939 | D:3      | Found a deep blue altar of Sif Muna.
  2980 | D:3      | Became a worshipper of Warmaster Okawaru
  3294 | D:4      | Noticed Blork the orc
  3304 | D:4      | Killed Blork the orc
  3304 | D:4      | Reached skill level 5 in Fighting
  3304 | D:4      | Reached XP level 6. HP: 35/56 MP: 6/6
  3320 | D:4      | Found a white marble altar of Elyvilon.
  3554 | D:4      | Noticed Crazy Yiuf
  3575 | D:4      | Killed Crazy Yiuf
  3607 | D:4      | Reached skill level 6 in Polearms
  3849 | D:4      | Noticed an ogre
  3862 | D:4      | Killed an ogre
  3862 | D:4      | Acquired Okawaru's first power
  4038 | D:4      | Noticed Sigmund
  4092 | D:4      | Killed Sigmund
  4092 | D:4      | Reached XP level 7. HP: 39/62 MP: 7/7
  4151 | D:4      | Reached skill level 5 in Shields
  4383 | D:4      | Found Wipuagri's Serpentskin Sales.
  4400 | D:4      | Reached skill level 7 in Polearms
  4494 | D:5      | Entered Level 5 of the Dungeon
  4962 | D:5      | Found a staircase to the Ecumenical Temple.
  5042 | D:5      | Reached XP level 8. HP: 71/71 MP: 8/8
  5061 | D:5      | Reached skill level 8 in Polearms
  5251 | D:5      | Slain by an ogre

Action                   |  1- 3 |  4- 6 |  7- 9 || total
-------------------------+-------+-------+-------++-------
Melee: Trident           |   106 |   266 |   200 ||   572
       Unarmed           |       |     6 |       ||     6
  Use: Potion            |       |     4 |     2 ||     6
       Scroll            |       |     1 |       ||     1
